Map: Echo LE (Void)

Players

IceWorLd

  • Race: Terran Terran
  • League: Diamond
  • Spawn Location: 11:00

Musumeci - Winner!

  • Race: Zerg Zerg
  • League: Diamond
  • Spawn Location: 5:00

VOD

Have the link to the VOD?

Description

Time

  • Played on: Jan. 10, 2017, 4:06 p.m.
  • Length: 26:42
Show
View Real Time Build Order
Export as new Build Order

IceWorLd Terran 

Build Orders: Reaper Expand 

Get SALT Encoding   

  12  0:06  SCV  
  13  0:19  SCV  
  14  0:27  Supply Depot  
  14  0:32  SCV  
  15  0:48  SCV  
  16  0:50  Barracks  
  16  0:52  Refinery  
  16  1:01  SCV  
  17  1:13  SCV  
  18  1:25  SCV  
  19  1:30  Command Center  
  19  1:36  Reaper  
  20  1:42  SCV  
  20  1:45  Refinery  
  21  2:06  Orbital Command  
  21  2:11  Reaper  
  22  2:16  Barracks  
  22  2:22  Supply Depot  
  22  2:32  SCV  
  23  2:55  SCV, Barracks Tech Lab  
  24  2:58  Supply Depot  
  24  2:59  Orbital Command  
  24  3:04  Barracks Reactor  
  24  3:07  SCV  
  25  3:19  SCV  
  26  3:31  SCV  
  26  3:34  SCV  
  26  3:37  Marine, Stimpack  
  26  3:41  Marine  
  29  3:43  Factory, SCV  
  29  3:46  SCV, Marine  
  29  3:47  Refinery  
  32  3:55  SCV  
  32  3:57  Supply Depot  
  32  3:58  SCV  
  34  4:05  Marine x3  
  34  4:08  SCV  
  37  4:12  Supply Depot  
  37  4:13  SCV  
  37  4:14  Supply Depot  
  38  4:20  SCV  
  39  4:24  Supply Depot  
  39  4:27  Factory Reactor  
  39  4:28  Starport  
  39  4:29  Marine x2  
  39  4:31  Marine  
  41  4:32  SCV  
  41  4:34  SCV  
  41  4:37  Supply Depot  
  44  4:46  SCV  
  45  4:53  Command Center  
  45  4:54  SCV, Marine  
  45  4:56  Marine  
  45  4:58  SCV, Marine  
  50  5:10  Factory Tech Lab  
  50  5:12  Marine, Medivac x2  
  55  5:14  Marine  
  55  5:16  SCV x2, Marine  
  55  5:20  Engineering Bay  
  59  5:27  Engineering Bay  
  59  5:28  SCV x2  
  60  5:30  Marine  
  60  5:32  Marine, Siege Tank  
  66  5:38  Marine  
  66  5:40  SCV x2  
  69  5:59  SCV x2  
  69  6:00  Terran Infantry Armor Level 1, Terran Infantry Weapons Level 1  
  69  6:03  Refinery, Armory  
  71  6:10  Barracks  
  71  6:11  Barracks  
  71  6:14  Barracks  
  68  6:30  SCV x2, Marine x2  
  68  6:31  Medivac x2  
  68  6:40  Marauder  
  68  6:45  Factory Tech Lab  
  68  6:50  Planetary Fortress  
  68  6:52  SCV x2  
  70  6:58  Factory  
  70  7:05  SCV x2  
  70  7:06  Supply Depot  
  70  7:07  Marine x2, Supply Depot  
  70  7:08  Marauder  
  76  7:14  Barracks Reactor  
  76  7:15  Barracks Reactor, Refinery, Barracks Tech Lab  
  76  7:16  Refinery  
  76  7:22  SCV x2  
  78  7:23  Barracks  
  78  7:25  Barracks, Marine  
  78  7:29  Marauder  
  81  7:46  SCV x2, Marine  
  81  7:47  Marauder, Marine  
  81  7:51  Marauder, Terran Vehicle Weapons Level 1  
  89  7:52  Siege Tank  
  89  7:56  SCV  
  87  7:58  SCV x2  
  87  8:04  Marine  
  90  8:08  Marauder, SCV  
  90  8:10  SCV x2  
  90  8:12  Sensor Tower  
  95  8:16  Marine  
  95  8:17  Marauder, Marine x2  
  95  8:19  Factory Tech Lab  
  100  8:20  SCV, Barracks Tech Lab  
  100  8:22  SCV  
  100  8:23  SCV  
  100  8:24  Barracks Reactor, Siege Tank  
  100  8:25  Marine x3  
  109  8:30  Marauder  
  109  8:32  SCV  
  112  8:35  Marine  
  112  8:38  Siege Tank  
  112  8:41  Marine  
  116  8:44  Supply Depot  
  117  8:56  Supply Depot  
  117  8:57  Supply Depot  
  117  8:58  Marine x2, Medivac x2  
  117  8:59  Marauder x3  
  129  9:10  Siege Tank  
  132  9:18  Siege Tank  
  132  9:19  Marine x3  
  132  9:20  Marauder x3, Marine x3  
  132  9:21  SCV x2  
  149  9:28  Command Center  
  149  9:30  Missile Turret  
  149  9:31  Terran Infantry Weapons Level 2  
  149  9:37  Marine  
  148  9:41  Marauder x2  
  148  9:42  Marauder, Siege Tank  
  157  9:47  Supply Depot x2  
  157  9:48  Terran Infantry Armor Level 2  
  157  9:54  Supply Depot  
  157  9:57  Supply Depot  
  157  10:00  Supply Depot  
  157  10:03  Missile Turret  
  157  10:09  Marauder x2, Siege Tank  
  164  10:14  Siege Tank  
  164  10:15  Marine x2  
  164  10:16  Marine x2  
  164  10:18  Marine x2  
  164  10:19  Marine  
  174  10:25  Missile Turret  
  174  10:30  Marauder x2  
  178  10:41  Siege Tank  
  181  10:52  Marauder  
  181  11:15  Marine  
  181  11:16  Marauder x2, Marine x4  
  186  11:21  Marine x2  
  188  11:38  Marauder x2  
  169  11:59  Marauder x2, Marine x4  
  177  12:05  Barracks Tech Lab  
  177  12:09  Marine x3  
  177  12:13  Marine  
  179  12:16  Marine  
  179  12:20  Marauder, Marine x2  
  179  12:21  Marauder  
  186  12:28  Marauder, Marine x3  
  181  12:42  Marauder x2  
  181  12:43  Marine x2  
  170  12:50  Marauder, Marine x4  
  176  12:52  Medivac x2, Siege Tank x2  
  186  13:03  Marauder x2  
  190  13:11  Marauder  
  178  13:22  Medivac  
  178  13:24  Marauder, Siege Tank  
  178  13:25  Marauder  
  181  13:32  Marauder  
  160  13:40  Marine  
  160  13:41  Marine x5  
  139  13:46  Marauder x2, Marine  
  135  13:54  Marauder, Marine  
  136  13:58  Marine x2  
  136  13:59  Marine  
  139  14:06  Marine x3  
  139  14:07  Marauder x2  
  146  14:14  Marine x2  
  146  14:15  Marauder  
  150  14:26  Terran Infantry Weapons Level 3, Terran Infantry Armor Level 3  
  150  14:29  Marauder x2  
  154  14:37  Marauder  
  129  14:50  Marauder x2  
  130  14:58  Marauder, Marine x2  
  133  15:00  Marine x2  
  133  15:01  Marine x2  
  133  15:03  Siege Tank x2  
  133  15:07  Concussive Shells  
  141  15:11  Marauder  
  141  15:12  Marauder  
  137  15:19  Marauder  
  137  15:20  Marine x3  
  138  15:23  Marine  
  138  15:24  Marine x4  
  139  15:33  Marauder x2  
  139  15:35  Siege Tank x2  
  141  15:38  Marine x3  
  141  15:41  Marauder, Marine  
  138  15:47  Marine x3  
  138  15:49  Combat Shields  
  125  15:50  Marine  
  125  15:54  Marauder x2  
  128  16:02  Marauder  
  125  16:06  Marine x2  
  125  16:07  Siege Tank x2  
  133  16:14  Marine x2  
  133  16:16  Marauder x2  
  139  16:23  Marauder  
  141  16:30  SCV x4  
  145  16:37  Marauder x2  
  149  16:45  Marauder  
  130  16:58  Marauder  
  130  16:59  Marauder  
  127  17:06  Marauder  
  119  17:12  Marine  
  119  17:13  Marine x5  
  108  17:20  Marauder x2, Siege Tank  
  105  17:28  Marauder  
  107  17:36  Marine x2  
  109  17:41  Marauder x2  
  109  17:42  Refinery  
  111  17:45  Orbital Command, Refinery  
  111  17:46  Marine x2  
  111  17:47  Marine  
  114  17:53  Marine  
  113  18:02  Marauder, Marine  
  113  18:03  Marauder, Marine  
  100  18:23  Marine  
  100  18:24  Marauder x2  
  85  18:44  Marine  
  85  18:45  Marauder x2, Marine  
  75  19:01  Marine  
  68  19:07  Marauder x2  
  68  19:08  Orbital Command  
  69  19:28  Marauder x2  
  69  19:30  Siege Tank x2  
  67  19:49  Marauder  
  63  20:00  Marauder, Marine  
  66  20:11  Marauder  
  68  20:35  Unknown  
  61  21:04  Marauder  
  58  21:12  Unknown  
Show
View Real Time Build Order
Export as new Build Order

Musumeci Zerg - Winner!

Build Orders: Hatch First 

Get SALT Encoding   

  12  0:07  Drone  
  12  0:08  Drone  
  14  0:14  Extractor  
  14  0:16  Drone  
  15  0:42  Hatchery  
  14  0:46  Extractor  
  14  0:47  Drone  
  15  1:03  Spawning Pool  
  14  1:10  Drone, Extractor  
  14  1:19  Drone, Extractor  
  16  1:27  Overlord  
  16  1:48  Drone x3  
  16  1:51  Queen  
  16  1:54  Queen  
  23  2:02  Extractor  
  23  2:06  Overlord  
  23  2:07  Drone  
  24  2:13  Drone x2  
  24  2:14  Extractor  
  25  2:27  Queen  
  28  2:35  Queen  
  30  2:40  Drone  
  30  2:42  Drone x3  
  34  2:46  Drone  
  34  2:47  Drone  
  35  2:55  Drone  
  36  3:08  Overlord  
  36  3:10  Overlord  
  36  3:16  Extractor  
  36  3:18  Extractor, Roach Warren  
  29  3:39  Drone  
  29  3:40  Drone x8  
  38  3:50  Overlord  
  38  4:06  Drone x5  
  42  4:20  Drone, Evolution Chamber x2  
  42  4:21  Hatchery  
  42  4:22  Drone  
  42  4:23  Drone  
  42  4:26  Drone  
  42  4:28  Drone  
  42  4:30  Drone  
  45  4:37  Drone  
  46  4:55  Lair  
  46  4:57  Zerg Ground Armor Level 1, Zerg Missile Weapons Level 1  
  46  4:58  Roach x2, Extractor  
  49  5:01  Roach  
  49  5:02  Extractor  
  50  5:09  Roach  
  50  5:10  Roach  
  50  5:11  Drone x3  
  50  5:13  Overlord  
  57  5:17  Drone x2  
  57  5:18  Drone  
  60  5:31  Drone  
  60  5:32  Drone  
  60  5:35  Drone x6  
  68  5:50  Spore Crawler  
  68  5:51  Drone  
  68  5:52  Drone x4, Spore Crawler x2  
  70  6:04  Drone  
  70  6:05  Spore Crawler  
  70  6:11  Drone x4  
  71  6:14  Extractor  
  71  6:16  Extractor  
  69  6:26  Drone x5  
  74  6:46  Overlord  
  74  6:47  Overlord x5  
  74  6:52  Zerg Missile Weapons Level 2, Zerg Ground Armor Level 2  
  74  6:53  Glial Reconstitution  
  74  7:05  Roach x11  
  96  7:16  Drone x4  
  96  7:18  Drone  
  96  7:22  Drone  
  102  7:24  Ravager x4  
  102  7:25  Ravager  
  109  7:37  Roach x5  
  109  7:42  Spore Crawler  
  116  7:55  Roach  
  116  7:56  Roach x2, Overlord x4  
  122  8:10  Infestation Pit  
  121  8:13  Hatchery  
  121  8:16  Roach x13  
  146  8:24  Ravager x4  
  150  8:31  Overseer  
  150  8:37  Ravager x2  
  152  8:47  Drone x2  
  154  8:56  Extractor  
  154  9:00  Extractor  
  152  9:12  Ravager  
  152  9:13  Ravager  
  152  9:16  Hive  
  154  9:54  Overlord x5  
  154  10:12  Drone x2  
  154  10:13  Drone x4  
  160  10:15  Drone x5  
  160  10:18  Ravager x9  
  160  10:19  Ravager x8  
  182  10:30  Zerg Missile Weapons Level 3  
  182  10:46  Drone x2, Zerg Ground Armor Level 3  
  182  10:47  Drone x3  
  185  11:19  Ravager x6  
  185  11:21  Roach  
  185  11:22  Roach x3  
  199  11:35  Roach  
  199  11:36  Roach x2  
  169  11:51  Roach  
  169  11:52  Roach x8  
  155  11:54  Ravager x4  
  155  11:58  Ravager x2  
  155  11:59  Ravager  
  161  12:13  Queen  
  163  12:20  Ravager x6  
  159  12:35  Roach  
  159  12:36  Roach x11  
  142  12:45  Roach x7  
  156  13:07  Ravager x6  
  156  13:15  Hatchery, Extractor  
  156  13:18  Extractor  
  141  13:26  Roach x7  
  141  13:27  Roach x11  
  130  13:43  Roach  
  130  13:44  Roach x14  
  157  13:58  Roach x12  
  179  14:12  Ravager x4  
  183  14:20  Ravager x2  
  185  14:25  Ravager  
  185  14:26  Ravager  
  187  14:33  Ravager x2  
  172  14:41  Roach  
  172  14:42  Roach x9  
  121  14:51  Roach  
  121  14:52  Roach x9  
  119  15:02  Roach  
  119  15:03  Roach x10  
  134  15:14  Roach x10  
  130  15:21  Roach x6  
  130  15:26  Roach x4  
  140  15:29  Roach x3  
  128  15:36  Roach x6  
  130  15:47  Roach x3  
  130  15:48  Roach x6  
  140  15:50  Hatchery  
  127  16:06  Roach  
  127  16:07  Roach x10  
  137  16:20  Ravager x5  
  137  16:22  Roach x2  
  146  16:32  Roach x8  
  160  16:42  Roach x6  
  160  16:43  Roach x3  
  160  17:01  Roach  
  160  17:02  Roach x9  
  152  17:12  Roach x8  
  152  17:13  Roach x2  
  146  17:16  Roach x3  
  152  17:24  Ravager x4  
  152  17:26  Ravager  
  157  17:51  Extractor  
  157  17:52  Hatchery, Ravager  
  157  17:53  Ravager x7  
  157  17:55  Extractor  
  145  18:42  Roach  
  145  18:43  Roach x22  
  146  19:04  Roach x6  
  146  19:05  Roach x15  
  184  19:21  Drone  
  185  19:33  Roach x8  
  183  19:56  Ravager  
  183  19:57  Ravager x13  
  197  20:07  Roach  
  197  20:47  Ravager x2  
  197  20:48  Ravager x4  
  199  20:50  Ravager x2  
  191  21:38  Hatchery  
  182  21:55  Hatchery  
  182  22:01  Hatchery  
  180  22:03  Hatchery  
  179  22:09  Hatchery, Roach x6  
  179  22:10  Roach x2  
  169  22:54  Hatchery  
  169  22:57  Hatchery  
  165  23:18  Spine Crawler x3  
  165  23:19  Lair  
  162  23:24  Drone x2  
  164  23:30  Spawning Pool  
  159  23:37  Extractor  
  156  23:41  Extractor  
  149  25:24  Spine Crawler x2  
  149  25:25  Spine Crawler x2  
  149  25:26  Spine Crawler  
  149  25:27  Spine Crawler  
  143  25:33  Lair  
  143  25:37  Spire  
Tags
 
Add a new tag
Caveats
  • Supply blocks, unpowered buildings, or Contaminate may cause inaccurate times.
  • Supply counts are checked every 10 seconds.